 Dungeon Crawl Stone Soup version 0.27.1-37-g7b29ead8ac (console) character file.

Game seed: 2363336421594723701

7 grimtooth the Caller (level 2, 0/19 HPs)
             Began as a Barachi Summoner on July 19, 2023.
             Succumbed to a gnoll's poison
             ... on level 1 of the Dungeon on July 21, 2023.
             The game lasted 00:07:57 (858 turns).

grimtooth the Caller (Barachi Summoner)              Turns: 858, Time: 00:07:58

Health: 0/19       AC:  2    Str:  6 (9)  XL:     2   Next: 0%
Magic:  5/5        EV: 12    Int: 13 (15) God:
Gold:   33         SH:  0    Dex: 11 (12) Spells: 5/6 levels left

rFire    . . .     SeeInvis .   b - +0 dagger
rCold    . . .     Faith    .   (no shield)
rNeg     . . .     Spirit   .   a - +0 robe
rPois    .         Reflect  .   (no helmet)
rElec    .         Harm     .   (no cloak)
rCorr    .         Rampage  .   (no gloves)
Will     .....                  (no boots)
Stlth    ++........             (no amulet)
HPRegen  0.06/turn              (no ring)
MPRegen  0.09/turn              (no ring)

@: lethally poisoned (0 -> -3), hasted, very quick
A: amphibious, slowness 1, strong legs 1, +LOS
a: Hop


You were on level 1 of the Dungeon.
You visited 1 branch of the dungeon, and saw 1 of its levels.

You collected 33 gold pieces.

Inventory:

Hand Weapons
 b - a +0 dagger (weapon)
Armour
 a - a +0 robe (worn)


   Skills:
 - Level 2.1 Dodging
 - Level 1.7 Stealth
 + Level 2.5 Spellcasting
 + Level 5.0 Summonings


You had 5 spell levels left.
You knew the following spells:

 Your Spells              Type           Power      Damage    Failure   Level
L - Summon Small Mammal   Summ           56%        N/A       3%          1

Your spell library contained the following spells:

 Spells                   Type           Power      Damage    Failure   Level
 Call Imp                 Summ           14%        N/A       4%          2
 Call Canine Familiar     Summ           14%        N/A       9%          3
 Summon Guardian Golem    Hex/Summ       8%         N/A       26%         3
 Summon Lightning Spire   Summ/Air       8%         N/A       63%         4


Dungeon Overview and Level Annotations

Branches:
Dungeon (1/15)

Altars:


Innate Abilities, Weirdness & Mutations

You are amphibious.
You cover ground slowly.
You can hop short distances.
You have an extended range of vision and can be seen from far away.


Message History

The jackal misses your quokka.
Your quokka misses the jackal.
Your bat disappears in a puff of smoke!
The jackal bites your quokka.
Your quokka bites the jackal.
The jackal dies!
You have reached level 2!
You start resting.
Your quokka disappears in a puff of smoke!
Magic restored.
You start resting.
A ball python is nearby!
You see here a jackal corpse.
You start resting.
HP restored.
A jackal is nearby!
There is a stone staircase leading down here.
Found a robe.
A gnoll and a kobold come into view.
The gnoll is wielding a +1 spear of venom.
The kobold is wielding a +0 vampiric whip.
The gnoll shouts!
The kobold shouts!
You see here a potion of haste.
Enter note: - just when i think i've done so well You see here a potion of haste.
You feel yourself speed up.
The gnoll hits you from afar with a +1 spear of venom.
You are poisoned.
The kobold hits you with a +0 vampiric whip.
You feel very sick. The gnoll barely misses you.
The kobold hits you with a +0 vampiric whip.
* * * LOW HITPOINT WARNING * * *
You feel sick.
* * * LOW HITPOINT WARNING * * *
You feel sick.
* * * LOW HITPOINT WARNING * * *
You feel sick.
* * * LOW HITPOINT WARNING * * *
You feel sick.
* * * LOW HITPOINT WARNING * * *
You feel sick.
You die...

....#h#.# ##...################
###.#r#.# #.........)..........
#.#.#.# #.#..################
#.#.#.# #.##.# # #.#.#####.##>#
...# #.........##.# ...#
#...#.########.# ...# ###.#.# #.#
###...##### #.#.# #.# #.........#
#.#.# #.# #.........# #.#.# #@#
#.........#
..#.########.#####.........#
#######.#.........K.g......[....
......รท.#......................#
#########......................#
#...............########
#...............#
#>..............#
#...............#
#################


There were no monsters in sight!

Vanquished Creatures
  A jackal (D:1)
1 creature vanquished.

Vanquished Creatures (collateral kills)
  An endoplasm (D:1)
  A goblin (D:1)
  A hobgoblin (D:1)
  3 jackals (D:1)
  2 bats (D:1)
  A frilled lizard (D:1)
9 creatures vanquished.

Grand Total: 10 creatures vanquished

Notes
Turn   | Place    | Note
-------+----------+-------------------------------------------
     0 | D:1      | grimtooth the Barachi Summoner began the quest for the Orb.
     0 | D:1      | Reached XP level 1. HP: 13/13 MP: 3/3
   291 | D:1      | Reached skill level 5 in Summonings
   485 | D:1      | - well this seems to have gone sideways pretty quick
   580 | D:1      | Reached XP level 2. HP: 4/19 MP: 1/5
   850 | D:1      | - just when i think i've done so well
   858 | D:1      | Succumbed to a gnoll's poison

Illustrated notes

#..##.#..#.....###.#...#..#.#
#..##.##.#.....# #.#...#..#.#
#..##.##.#.....# #.#...#..#.#
#.....##.......# #.#...#..#.#
##.######.###+## #.#...#..#.#
#.######..##.####.###.#..#.#
#.##.#...............#
#.####.#
#......#####.##.######
#......# #......# #..#.#
######## #......# ##.#.#
#....#.# #.#@# ......#.#
#.#.# ....#.#.#
##...################
###.#.#.#
#.........).......... #.#.#.#
#.#.h################ #.#.#.#
#.##h# .#.#####.##>#
.........##h# .#.########S#
#.# #.#


Turn 485 on D:1: - well this seems to have gone sideways pretty quick .#
#.#..################ .# #.##.# .#####.##># ...# .......##.# ...# .########.#
...# .# #.# ###...##### .# #.# #.........# .# #.# #.g.......# .# #.# #.K.......#
.########.#####.........# .#.............!@...[.... .#......................#
##......................# #...............######## #...............#
#>..............# #...............# ################# Turn 850 on D:1: - just
when i think i've done so well

Levels and vault maps discovered:
D:1:      kennysheep_arrival_seaside, layout_basic, minmay_tree_intersection

Skill      XL: |  1 |
---------------+----+-----
Summonings     | 5 |  5.0
Dodging        | |  2.1
Stealth        | |  1.7
Spellcasting   | |  2.5

Action                   || total
-------------------------++-------
Melee: Unarmed           ||    20
       Dagger            ||     2
 Cast: Summon Small Mamm ||    22
 Abil: Hop               ||     1
  Use: Potion            ||     3
Armor: Robe              ||     5
Dodge: Dodged            ||    32
